3057 views
Uploaded 2020-04-27 14:38:06
Game version 1.32.3
22:26 long 3on3 ladder game on (8)Mur'gulOasis_LV
Saved by Claims
3057 views
Uploaded 2020-04-27 14:38:06
Game version 1.32.3
22:26 long 3on3 ladder game on (8)Mur'gulOasis_LV


98 units @ 16k
/ 2.5k
48 buildings @ 6.1k
/ 2.4k


| Rod of Necromancy | 2 | 300 |
| Orb of Corruption | 1 | 375 |
| Scroll of Town Portal | 2 | 700 |
| total: | 5 | 1375g |
| Acolyte | 4 | 300 | / | 0 |
| Ghoul | 2 | 240 | / | 0 |
| Crypt Fiend | 11 | 2365 | / | 440 |
| Obsidian Statue | 5 | 1000 | / | 175 |
| Banshee | 8 | 1240 | / | 240 |
| total: | 30 | 5145g | / | 855w |
| Nerubian Tower | 1 | 100 | / | 20 |
| Altar of Darkness | 1 | 180 | / | 50 |
| Crypt | 1 | 200 | / | 50 |
| Ziggurat | 6 | 900 | / | 300 |
| Tomb of Relics | 1 | 130 | / | 30 |
| Graveyard | 1 | 215 | / | 0 |
| Slaughterhouse | 2 | 280 | / | 270 |
| Temple of the Damned | 3 | 465 | / | 420 |
| Halls of the Dead | 1 | 320 | / | 210 |
| Black Citadel | 1 | 325 | / | 230 |
| total: | 15 | 2370g | / | 1120w |
| 0:04 | Acolyte |
| 0:09 | Altar of Darkness |
| 0:12 | Crypt |
| 0:25 | Ziggurat |
| 0:33 | Acolyte |
| 0:54 | Tomb of Relics |
| 1:15 | Graveyard |
| 1:27 | Ghoul |
| 1:45 | Ziggurat |
| 2:02 | Ghoul |
| 2:25 | Rod of Necromancy |
| 2:30 | Death Coil |
| 2:38 | Crypt Fiend |
| 3:05 | Crypt Fiend |
| 3:34 | Crypt Fiend |
| 3:46 | Halls of the Dead |
| 4:37 | Crypt Fiend |
| 6:15 | Slaughterhouse |
| 6:17 | Slaughterhouse |
| 6:20 | Ziggurat |
| 6:33 | Crypt Fiend |
| 6:46 | Unholy Aura |
| 6:56 | Ziggurat |
| 7:12 | Rod of Necromancy |
| 7:22 | Obsidian Statue |
| 8:12 | Obsidian Statue |
| 8:12 | Crypt Fiend |
| 8:24 | Frost Nova |
| 9:05 | Death Coil |
| 9:41 | Crypt Fiend |
| 9:42 | Crypt Fiend |
| 10:11 | Black Citadel |
| 10:12 | Creature Carapace |
| 10:35 | Frost Armor |
| 11:10 | Crypt Fiend |
| 11:37 | Improved Creature Carapace |
| 11:37 | Creature Attack |
| 11:38 | Crypt Fiend |
| 11:42 | Ziggurat |
| 11:43 | Ziggurat |
| 11:57 | Nerubian Tower |
| 12:26 | Unholy Aura |
| 12:27 | Frost Nova |
| 12:41 | Web |
| 12:46 | Destroyer Form |
| 12:47 | Obsidian Statue |
| 13:23 | Crypt Fiend |
| 13:39 | Temple of the Damned |
| 13:40 | Temple of the Damned |
| 15:18 | Banshee Adept Training |
| 15:22 | Temple of the Damned |
| 15:43 | Acolyte |
| 16:18 | Banshee Master Training |
| 16:35 | Scroll of Town Portal |
| 16:36 | Orb of Corruption |
| 17:28 | Banshee |
| 17:29 | Banshee |
| 17:29 | Banshee |
| 18:12 | Obsidian Statue |
| 18:46 | Scroll of Town Portal |
| 19:48 | Frost Armor |
| 20:14 | Banshee |
| 20:14 | Banshee |
| 20:15 | Banshee |
| 20:45 | Obsidian Statue |
| 20:54 | Acolyte |
| 21:00 | Advanced Creature Carapace |
| 21:02 | Unholy Armor |
| 21:03 | Unholy Strength |
| 21:17 | Banshee |
| 21:34 | Banshee |
| Right click | 749 |
| Select group | 568 |
| Select | 252 |
| Misc. action | 240 |
| Build/train/purchase | 84 |
| Use ability | 53 |
| Assign group | 40 |
| Minimap ping | 4 |
| Remove unit | 2 |


| Scroll of Regeneration | 2 | 200 |
| Staff of Sanctuary | 1 | 250 |
| Scroll of Healing | 1 | 250 |
| Potion of Lesser Invulnerability | 1 | 150 |
| Rod of Necromancy | 1 | 150 |
| total: | 6 | 1000g |
| Peasant | 8 | 600 | / | 0 |
| Footman | 8 | 1080 | / | 0 |
| Rifleman | 8 | 1640 | / | 240 |
| Priest | 3 | 405 | / | 30 |
| Knight | 10 | 2450 | / | 600 |
| Spell Breaker | 1 | 215 | / | 30 |
| total: | 38 | 6390g | / | 900w |
| Scout Tower | 1 | 30 | / | 20 |
| Arcane Tower | 1 | 70 | / | 50 |
| Altar of Kings | 1 | 180 | / | 50 |
| Barracks | 2 | 320 | / | 120 |
| Farm | 8 | 640 | / | 160 |
| Arcane Vault | 1 | 130 | / | 30 |
| Blacksmith | 1 | 140 | / | 60 |
| Lumber Mill | 1 | 120 | / | 0 |
| Arcane Sanctum | 1 | 150 | / | 140 |
| Keep | 1 | 320 | / | 210 |
| Castle | 1 | 360 | / | 210 |
| total: | 16 | 1710g | / | 580w |
| 0:01 | Peasant |
| 0:04 | Altar of Kings |
| 0:07 | Peasant |
| 0:18 | Barracks |
| 0:24 | Peasant |
| 0:33 | Farm |
| 0:44 | Peasant |
| 0:47 | Farm |
| 0:55 | Peasant |
| 1:06 | Peasant |
| 1:20 | Footman |
| 1:35 | Footman |
| 1:38 | Peasant |
| 1:47 | Farm |
| 1:59 | Peasant |
| 2:05 | Footman |
| 2:05 | Footman |
| 2:08 | Summon Water Elemental |
| 2:29 | Footman |
| 2:53 | Keep |
| 2:58 | Scout Tower |
| 3:13 | Footman |
| 3:46 | Footman |
| 3:49 | Arcane Tower |
| 3:51 | Arcane Vault |
| 3:54 | Blacksmith |
| 4:17 | Rod of Necromancy |
| 4:31 | Brilliance Aura |
| 4:34 | Footman |
| 5:05 | Farm |
| 5:09 | Farm |
| 5:49 | Rifleman |
| 6:03 | Rifleman |
| 6:11 | Arcane Sanctum |
| 6:31 | Defend |
| 6:43 | Storm Bolt |
| 7:14 | Rifleman |
| 7:31 | Rifleman |
| 8:19 | Summon Water Elemental |
| 9:43 | Castle |
| 9:47 | Lumber Mill |
| 9:48 | Farm |
| 9:48 | Farm |
| 9:49 | Farm |
| 10:22 | Bash |
| 10:50 | Rifleman |
| 11:12 | Rifleman |
| 11:30 | Storm Bolt |
| 11:32 | Brilliance Aura |
| 11:49 | Iron Plating |
| 12:03 | Priest |
| 12:03 | Priest Adept Training |
| 12:18 | Knight |
| 12:23 | Barracks |
| 12:26 | Spell Breaker |
| 12:41 | Knight |
| 12:58 | Potion of Lesser Invulnerability |
| 12:58 | Scroll of Healing |
| 13:17 | Steel Plating |
| 13:33 | Animal War Training |
| 13:39 | Long Rifles |
| 13:51 | Priest |
| 14:46 | Rifleman |
| 14:46 | Knight |
| 15:15 | Knight |
| 15:58 | Priest |
| 16:37 | Rifleman |
| 16:58 | Brilliance Aura |
| 17:58 | Knight |
| 17:58 | Knight |
| 18:22 | Knight |
| 18:46 | Scroll of Regeneration |
| 19:43 | Bash |
| 20:18 | Knight |
| 20:19 | Knight |
| 20:32 | Scroll of Regeneration |
| 20:37 | Iron Forged Swords |
| 20:57 | Staff of Sanctuary |
| 21:25 | Sundering Blades |
| 21:41 | Knight |
| 21:46 | Mithril Plating |
| Right click | 802 |
| Select | 376 |
| Select group | 340 |
| Misc. action | 228 |
| Build/train/purchase | 109 |
| Assign group | 64 |
| Use ability | 29 |
| Item give/drop | 3 |
| Esc | 1 |



| Scroll of Regeneration | 4 | 400 |
| total: | 4 | 400g |
| Peasant | 8 | 600 | / | 0 |
| Footman | 10 | 1350 | / | 0 |
| Mortar Team | 6 | 1080 | / | 420 |
| Knight | 6 | 1470 | / | 360 |
| total: | 30 | 4500g | / | 780w |
| Scout Tower | 1 | 30 | / | 20 |
| Arcane Tower | 1 | 70 | / | 50 |
| Altar of Kings | 1 | 180 | / | 50 |
| Barracks | 1 | 160 | / | 60 |
| Farm | 9 | 720 | / | 180 |
| Lumber Mill | 1 | 120 | / | 0 |
| Blacksmith | 1 | 140 | / | 60 |
| Arcane Vault | 1 | 130 | / | 30 |
| Town Hall | 1 | 385 | / | 205 |
| Workshop | 1 | 140 | / | 140 |
| Keep | 1 | 320 | / | 210 |
| Castle | 1 | 360 | / | 210 |
| total: | 17 | 2005g | / | 745w |
| 0:02 | Peasant |
| 0:02 | Peasant |
| 0:05 | Altar of Kings |
| 0:18 | Barracks |
| 0:30 | Peasant |
| 0:34 | Farm |
| 0:37 | Peasant |
| 0:50 | Peasant |
| 1:03 | Farm |
| 1:13 | Peasant |
| 1:20 | Footman |
| 1:29 | Peasant |
| 1:37 | Footman |
| 1:42 | Farm |
| 1:55 | Peasant |
| 2:07 | Blizzard |
| 2:36 | Footman |
| 2:55 | Defend |
| 3:23 | Footman |
| 4:07 | Keep |
| 4:08 | Farm |
| 4:10 | Lumber Mill |
| 4:11 | Blacksmith |
| 4:49 | Footman |
| 4:49 | Footman |
| 5:24 | Iron Forged Swords |
| 5:36 | Scroll of Regeneration |
| 6:09 | Footman |
| 6:10 | Iron Plating |
| 6:32 | Farm |
| 7:05 | Brilliance Aura |
| 7:17 | Footman |
| 7:19 | Workshop |
| 7:32 | Scroll of Regeneration |
| 7:41 | Steel Forged Swords |
| 7:43 | Castle |
| 7:45 | Farm |
| 7:45 | Farm |
| 7:53 | Holy Light |
| 9:37 | Footman |
| 9:38 | Mortar Team |
| 9:38 | Mortar Team |
| 9:39 | Footman |
| 10:31 | Blizzard |
| 10:52 | Devotion Aura |
| 11:43 | Knight |
| 11:44 | Knight |
| 11:44 | Mortar Team |
| 11:45 | Mortar Team |
| 11:48 | Steel Plating |
| 11:50 | Farm |
| 12:03 | Scout Tower |
| 12:15 | Arcane Vault |
| 12:31 | Arcane Tower |
| 12:37 | Scroll of Regeneration |
| 12:48 | Fragmentation Shards |
| 12:59 | Farm |
| 13:04 | Flare |
| 13:09 | Knight |
| 13:42 | Storm Bolt |
| 14:26 | Knight |
| 15:19 | Knight |
| 15:20 | Mortar Team |
| 15:46 | Scroll of Regeneration |
| 15:56 | Knight |
| 16:36 | Holy Light |
| 16:41 | Brilliance Aura |
| 20:40 | Town Hall |
| 21:17 | Mortar Team |
| Select group | 1182 |
| Right click | 1137 |
| Misc. action | 572 |
| Select | 528 |
| Build/train/purchase | 107 |
| Use ability | 64 |
| Assign group | 34 |
| Minimap ping | 6 |
| Esc | 2 |
110 units @ 18.5k
/ 3.1k
49 buildings @ 6.9k
/ 2.5k


| Healing Salve | 1 | 100 |
| Scroll of Speed | 2 | 100 |
| Lesser Clarity Potion | 2 | 140 |
| Scroll of Town Portal | 1 | 350 |
| total: | 6 | 690g |
| Peon | 7 | 525 | / | 0 |
| Grunt | 4 | 800 | / | 0 |
| Troll Witch Doctor | 11 | 1595 | / | 275 |
| Tauren | 10 | 2800 | / | 800 |
| total: | 32 | 5720g | / | 1075w |
| Altar of Storms | 1 | 180 | / | 50 |
| Orc Burrow | 6 | 960 | / | 240 |
| Barracks | 1 | 180 | / | 50 |
| Voodoo Lounge | 1 | 130 | / | 30 |
| War Mill | 1 | 205 | / | 0 |
| Spirit Lodge | 1 | 150 | / | 150 |
| Tauren Totem | 2 | 270 | / | 310 |
| Stronghold | 1 | 315 | / | 190 |
| Fortress | 1 | 325 | / | 190 |
| total: | 13 | 2075g | / | 830w |
| 0:02 | Peon |
| 0:02 | Peon |
| 0:05 | Altar of Storms |
| 0:13 | Orc Burrow |
| 0:33 | Barracks |
| 0:35 | Peon |
| 0:41 | Peon |
| 0:52 | Peon |
| 1:09 | Peon |
| 1:23 | Orc Burrow |
| 1:36 | Grunt |
| 1:45 | Peon |
| 1:59 | Voodoo Lounge |
| 2:05 | Feral Spirit |
| 2:21 | Grunt |
| 2:55 | Stronghold |
| 3:07 | Grunt |
| 3:38 | Grunt |
| 3:54 | War Mill |
| 5:17 | Fortress |
| 5:21 | Orc Burrow |
| 5:22 | Spiked Barricades |
| 5:34 | Spirit Lodge |
| 5:38 | Tauren Totem |
| 5:40 | Healing Salve |
| 5:40 | Scroll of Speed |
| 5:41 | Lesser Clarity Potion |
| 6:33 | Tauren Totem |
| 6:36 | Chain Lighting |
| 7:09 | War Stomp |
| 7:11 | Witch Doctor Adept Training |
| 7:11 | Troll Witch Doctor |
| 7:29 | Orc Burrow |
| 8:01 | Tauren |
| 8:14 | Witch Doctor Master Training |
| 9:23 | Tauren |
| 9:24 | Troll Witch Doctor |
| 9:50 | Troll Witch Doctor |
| 10:37 | Tauren |
| 10:43 | Feral Spirit |
| 11:03 | Endurance Aura |
| 11:19 | Tauren |
| 11:40 | Troll Witch Doctor |
| 12:02 | Pulverize |
| 12:07 | Troll Witch Doctor |
| 12:47 | Tauren |
| 13:22 | Chain Lighting |
| 13:29 | Scroll of Speed |
| 13:29 | Lesser Clarity Potion |
| 13:31 | Scroll of Town Portal |
| 13:43 | Orc Burrow |
| 14:55 | War Stomp |
| 15:08 | Feral Spirit |
| 15:13 | Tauren |
| 15:14 | Troll Witch Doctor |
| 15:16 | Orc Burrow |
| 15:36 | Steel Melee Weapons |
| 17:16 | Tauren |
| 17:17 | Troll Witch Doctor |
| 17:18 | Troll Witch Doctor |
| 18:31 | Tauren |
| 18:32 | Troll Witch Doctor |
| 18:32 | Troll Witch Doctor |
| 19:39 | Endurance Aura |
| 19:43 | Tauren |
| 19:44 | Troll Witch Doctor |
| 21:07 | Tauren |
| 21:59 | Earth Quake |
| Right click | 1518 |
| Select | 612 |
| Misc. action | 194 |
| Select group | 186 |
| Build/train/purchase | 96 |
| Assign group | 57 |
| Use ability | 55 |
| Minimap ping | 18 |


| Scroll of Regeneration | 1 | 100 |
| Lesser Clarity Potion | 1 | 70 |
| total: | 2 | 170g |
| Peasant | 9 | 675 | / | 0 |
| Rifleman | 23 | 4715 | / | 690 |
| Priest | 4 | 540 | / | 40 |
| Spell Breaker | 6 | 1290 | / | 180 |
| total: | 42 | 7220g | / | 910w |
| Scout Tower | 1 | 30 | / | 20 |
| Arcane Tower | 1 | 70 | / | 50 |
| Altar of Kings | 1 | 180 | / | 50 |
| Farm | 12 | 960 | / | 240 |
| Barracks | 1 | 160 | / | 60 |
| Blacksmith | 1 | 140 | / | 60 |
| Lumber Mill | 1 | 120 | / | 0 |
| Arcane Vault | 1 | 130 | / | 30 |
| Arcane Sanctum | 1 | 150 | / | 140 |
| Keep | 1 | 320 | / | 210 |
| Castle | 1 | 360 | / | 210 |
| total: | 19 | 1870g | / | 600w |
| 0:03 | Peasant |
| 0:04 | Peasant |
| 0:07 | Altar of Kings |
| 0:15 | Farm |
| 0:22 | Barracks |
| 0:26 | Peasant |
| 0:44 | Peasant |
| 1:00 | Peasant |
| 1:11 | Farm |
| 1:20 | Peasant |
| 1:43 | Blacksmith |
| 1:46 | Peasant |
| 1:59 | Peasant |
| 2:10 | Farm |
| 2:11 | Farm |
| 2:16 | Summon Water Elemental |
| 2:30 | Peasant |
| 2:43 | Lumber Mill |
| 2:46 | Scout Tower |
| 2:56 | Rifleman |
| 2:56 | Rifleman |
| 3:35 | Rifleman |
| 3:36 | Black Gunpowder |
| 3:54 | Rifleman |
| 3:56 | Studded Leather Armor |
| 5:33 | Keep |
| 5:34 | Rifleman |
| 5:36 | Arcane Tower |
| 5:37 | Improved Masonry |
| 5:42 | Arcane Vault |
| 5:46 | Farm |
| 5:47 | Farm |
| 6:13 | Brilliance Aura |
| 6:28 | Rifleman |
| 6:30 | Rifleman |
| 6:51 | Farm |
| 7:19 | Scroll of Regeneration |
| 7:19 | Lesser Clarity Potion |
| 7:41 | Rifleman |
| 8:50 | Rifleman |
| 8:50 | Rifleman |
| 8:50 | Long Rifles |
| 8:52 | Reinforced Leather Armor |
| 8:52 | Refined Gunpowder |
| 9:39 | Rifleman |
| 9:40 | Rifleman |
| 9:58 | Holy Light |
| 10:12 | Summon Water Elemental |
| 11:00 | Rifleman |
| 11:00 | Rifleman |
| 11:02 | Castle |
| 11:06 | Arcane Sanctum |
| 12:30 | Rifleman |
| 12:32 | Priest |
| 12:33 | Priest Adept Training |
| 12:33 | Spell Breaker |
| 12:39 | Rifleman |
| 13:13 | Rifleman |
| 13:43 | Control Magic |
| 13:44 | Spell Breaker |
| 14:32 | Brilliance Aura |
| 14:59 | Divine Shield |
| 15:09 | Rifleman |
| 15:09 | Rifleman |
| 15:10 | Priest |
| 15:27 | Farm |
| 15:27 | Farm |
| 15:28 | Farm |
| 15:28 | Farm |
| 15:29 | Farm |
| 16:52 | Holy Light |
| 16:59 | Summon Water Elemental |
| 18:28 | Rifleman |
| 18:28 | Rifleman |
| 18:31 | Priest |
| 18:31 | Priest Master Training |
| 18:31 | Spell Breaker |
| 18:32 | Spell Breaker |
| 18:32 | Spell Breaker |
| 18:41 | Divine Shield |
| 18:55 | Rifleman |
| 20:35 | Rifleman |
| 20:38 | Priest |
| 20:38 | Spell Breaker |
| 20:46 | Mass Teleport |
| 22:08 | Holy Light |
| Right click | 1290 |
| Select | 316 |
| Build/train/purchase | 110 |
| Use ability | 25 |
| Resource trade | 15 |
| Item give/drop | 2 |
| Assign group | 1 |


| Wisp | 11 | 660 | / | 0 |
| Archer | 8 | 1040 | / | 80 |
| Huntress | 4 | 780 | / | 80 |
| Druid of the Claw | 11 | 2805 | / | 880 |
| Dryad | 2 | 290 | / | 120 |
| total: | 36 | 5575g | / | 1160w |
| Ancient Protector | 1 | 135 | / | 80 |
| Altar of Elders | 1 | 180 | / | 50 |
| Moon Well | 10 | 1800 | / | 400 |
| Ancient of War | 2 | 300 | / | 120 |
| Hunter's Hall | 1 | 210 | / | 100 |
| Ancient of Lore | 2 | 310 | / | 290 |
| Tree of Ages | 1 | 320 | / | 180 |
| Tree of Eternity | 1 | 330 | / | 200 |
| total: | 17 | 2935g | / | 1040w |
| 0:05 | Altar of Elders |
| 0:08 | Moon Well |
| 0:10 | Moon Well |
| 0:10 | Wisp |
| 0:11 | Wisp |
| 0:33 | Ancient of War |
| 0:37 | Wisp |
| 0:54 | Ancient of War |
| 0:56 | Wisp |
| 0:59 | Wisp |
| 1:34 | Moon Well |
| 1:40 | Wisp |
| 1:42 | Wisp |
| 1:55 | Archer |
| 1:57 | Archer |
| 2:10 | Fan of Knives |
| 2:27 | Hunter's Hall |
| 2:28 | Wisp |
| 2:29 | Wisp |
| 3:12 | Archer |
| 3:12 | Archer |
| 3:39 | Tree of Ages |
| 3:57 | Huntress |
| 4:23 | Huntress |
| 5:08 | Moon Well |
| 5:10 | Reinforced Hides |
| 6:04 | Ancient of Lore |
| 6:09 | Ancient of Lore |
| 6:10 | Wisp |
| 6:10 | Wisp |
| 6:13 | Strength of the Wild |
| 6:34 | Archer |
| 6:39 | Blink |
| 6:45 | Tree of Eternity |
| 6:55 | Moon Well |
| 7:01 | Moon Well |
| 7:22 | Moon Well |
| 8:01 | Archer |
| 8:13 | Druid of the Claw Adept Training |
| 8:28 | Ancient Protector |
| 8:32 | Archer |
| 8:58 | Archer |
| 9:01 | Huntress |
| 9:09 | Druid of the Claw Master Training |
| 9:11 | Druid of the Claw |
| 9:32 | Huntress |
| 9:46 | Druid of the Claw |
| 10:13 | Druid of the Claw |
| 11:19 | Druid of the Claw |
| 11:50 | Improved Reinforced Hides |
| 12:05 | Mark of the Claw |
| 12:16 | Moon Well |
| 12:23 | Moon Well |
| 12:47 | Abolish Magic |
| 12:48 | Dryad |
| 14:07 | Druid of the Claw |
| 14:58 | Blink |
| 15:31 | Trueshot Aura |
| 15:42 | Druid of the Claw |
| 15:44 | Advanced Reinforced Hides |
| 15:49 | Moon Well |
| 17:39 | Druid of the Claw |
| 18:12 | Druid of the Claw |
| 18:31 | Druid of the Claw |
| 20:02 | Druid of the Claw |
| 20:44 | Druid of the Claw |
| 21:31 | Dryad |
| 22:14 | Fan of Knives |
| 22:16 | Scout |
| Right click | 397 |
| Select group | 321 |
| Select | 280 |
| Build/train/purchase | 107 |
| Misc. action | 63 |
| Assign group | 33 |
| Use ability | 20 |
| Minimap ping | 10 |
| Remove unit | 1 |